 Dungeon Sprint DCSS version 0.28.0-43-g3370ac3207 (webtiles) character file.

Game seed: 4969592627233488641

1710 boopmooplesden the Protected (level 8, -9/85 HPs)
             Began as a Minotaur Fighter on Mar 8, 2022.
             Mangled by a polar bear (24 damage)
             ... in the Dungeon (Sprint II: "The Violet Keep of Menkaure").
             The game lasted 00:01:43 (474 turns).

boopmooplesden the Protected (Minotaur Fighter)      Turns: 474, Time: 00:01:44

Health: -9/85      AC: 14    Str: 19    XL:     8   Next: 74%
Magic:  7/7        EV: 11    Int:  7    God:
Gold:   18         SH:  7    Dex: 12    Spells: 7/7 levels left

rFire   . . .      SeeInvis .   d - +0 broad axe
rCold   + . .      Faith    .   c - +0 buckler
rNeg    + . .      Spirit   .   k - +3 ring mail of Cowardice {Int+2}
rPois   .          Reflect  .   (helmet restricted)
rElec   .          Harm     .   (no cloak)
rCorr   .          Rampage  .   l - +2 pair of gloves {Dex+3}
Will    +....      NoTele   +   (no boots)
Stlth   +.........              m - amulet of Elyvilon's Favour {RegenMP rC+ rN+ Will+ Str-5}
HPRegen 0.24/turn               (no ring)
MPRegen 0.50/turn               (no ring)

@: no status effects
A: horns 2, retaliatory headbutt
a: no special abilities


You were in the Dungeon.
You visited 1 branch You collected 972 gold pieces.
You spent 954 gold pieces at shops.

Inventory:

Hand Weapons
 a - a +0 war axe
 d - a +0 broad axe (weapon)
Armour
 b - a +0 scale mail
 c - a +0 buckler (worn)
 k - the +3 ring mail of Cowardice (worn) {Int+2}
   (You bought it in a shop in the Dungeon)

   Int:       It affects your intelligence (+2).
 l - a +2 pair of gloves of dexterity (worn)
Jewellery
 m - the amulet of Elyvilon's Favour (around neck) {RegenMP rC+ rN+ Will+ Str-5}
   (You bought it in a shop in the Dungeon)

   [amulet of magic regeneration]

   It increases your rate of magic regeneration.
   Str:       It affects your strength (-5).
   rC:        It protects you from cold.
   rN:        It protects you from negative energy.
   Will:      It increases your willpower.
Scrolls
 j - a scroll of blinking
Potions
 e - a potion of curing
 g - a potion of haste
 h - 2 potions of magic
 i - a potion of berserk rage


   Skills:
 + Level 12.7 Fighting
 + Level 10.7 Axes
 + Level 12.9 Armour
 + Level 2.2 Dodging
 + Level 12.1 Shields


You had 7 spell levels left.
You didn't know any spells.
Your spell library was empty.

Dungeon Overview and Level Annotations

Branches:
Dungeon (1/1)

Altars:
Dithmenos
Elyvilon
Fedhas
Gozag
Kikubaaqudgha
Makhleb
Nemelex Xobeh
Okawaru
Qazlal
Ru
Sif Muna
Trog
Uskayaw
Vehumet
Wu Jian
Xom
Yredelemnul
Zin
The Shining One
Jiyva
Lugonu

Shops:
D ::![=([?[[(!==:

Annotations:
D exclusion: oklob plant


Innate Abilities, Weirdness & Mutations

You have a pair of horns on your head.
You reflexively headbutt those who attack you in melee.


Message History

The polar bear bites you! The polar bear closely misses you.
The polar bear barely misses you.
You hit the polar bear but do no damage.
You headbutt the polar bear!
The polar bear is moderately wounded.
The polar bear misses you. You furiously retaliate!
You headbutt the polar bear.
The polar bear claws you but does no damage.
You block the polar bear's attack.
You hit the polar bear but do no damage.
You headbutt the polar bear.
The polar bear is heavily wounded.
The polar bear bites you!
* * * LOW HITPOINT WARNING * * *
The polar bear claws you but does no damage. x2
You slash the polar bear! Your headbutt misses the polar bear.
The polar bear is severely wounded.
The polar bear goes berserk!
You slash the polar bear!
The polar bear is almost dead.
The polar bear misses you. The polar bear claws you.
* * * LOW HITPOINT WARNING * * *
The polar bear claws you.
* * * LOW HITPOINT WARNING * * *
The polar bear closely misses you. You furiously retaliate!
You headbutt the polar bear, but do no damage.
The polar bear barely misses you. x2
You hit the polar bear but do no damage.
You headbutt the polar bear.
The polar bear is almost dead.
You block the polar bear's attack. The polar bear claws you.
* * * LOW HITPOINT WARNING * * *
The polar bear claws you but does no damage.
You barely miss the polar bear. You headbutt the polar bear.
The polar bear is almost dead.
The polar bear bites you.
* * * LOW HITPOINT WARNING * * *
The polar bear claws you but does no damage.
The polar bear misses you. The polar bear bites you!!
You die...

.. + .. #. # ##.####
+.### ##.# ...# ...# ##
#.####..## #..# $#
÷###.##..# +..# .#
.##...#..# #.^# .#
<.'.#.'§.####..##h#
.##.).#....###..@##▓▓▓
'###.##....÷.≈≈≈≈≈≈≈≈≈≈≈
#.####≈≈§....≈#+########
##.#≈≈≈≈≈≈≈..≈#..._._._#
.###≈≈≈≈≈§≈≈.≈#_._._._.#
+##≈≈≈§≈≈§§≈≈≈#._._._._#
≈≈≈§≈≈≈§≈≈≈≈#_._._._.# #
++#≈§≈≈§≈§≈≈#._._._..# ≈
##≈≈§###§§#_._._.


You could see a polar bear (berserk).

Vanquished Creatures
  A merfolk siren (D)
  2 polar bears (D)
  A hornet (D)
  2 wyverns (D)
  A water moccasin (D)
  4 necrophages (D)
  A hell rat (D)
  3 worms (D)
15 creatures vanquished.

Vanquished Creatures (others)
  Menkaure (D)
  A water moccasin (D)
2 creatures vanquished.

Grand Total: 17 creatures vanquished

Notes
Turn   | Place    | Note
-------+----------+-------------------------------------------
     0 | D        | boopmooplesden the Minotaur Fighter began the quest for the
                  | Orb.
     0 | D        | Reached XP level 1. HP: 19/19 MP: 0/0
     1 | D        | Noticed a wyvern
     1 | D        | Noticed a wyvern
     6 | D        | Killed a wyvern
     7 | D        | Reached XP level 2. HP: 29/34 MP: 1/1
     7 | D        | Reached XP level 3. HP: 33/39 MP: 2/2
     7 | D        | Reached XP level 4. HP: 40/47 MP: 3/3
     7 | D        | Reached XP level 5. HP: 45/52 MP: 4/4
     9 | D        | Killed a wyvern
    10 | D        | Reached skill level 5 in Axes
    10 | D        | Reached XP level 6. HP: 36/63 MP: 5/5
   139 | D        | Killed Menkaure
   147 | D        | Noticed a merfolk siren
   158 | D        | Killed a merfolk siren
   159 | D        | Reached skill level 10 in Fighting
   159 | D        | Reached skill level 10 in Shields
   159 | D        | Reached XP level 7. HP: 50/73 MP: 6/6
   215 | D        | Found Wothrahuo's Book Shop.
   215 | D        | Found Qufudghu's Distillery.
   215 | D        | Found Myenwen's Jewellery Boutique.
   215 | D        | Found Ximec's Weapon Shop.
   216 | D        | Found Ganlayga's Antique Armour Shop.
   216 | D        | Found Lapait's Antique Armour Boutique.
   216 | D        | Found Puzxiego's Magic Scroll Shop.
   216 | D        | Found Puacit's Antique Armour Boutique.
   217 | D        | Found Roopt's Jewellery Shop.
   217 | D        | Found Qimowe's Antique Weapon Boutique.
   217 | D        | Found Tinuw's Jewellery Shop.
   223 | D        | Reached XP level 8. HP: 54/83 MP: 7/7
   368 | D        | Found Yhatroc's Antique Armour Boutique.
   368 | D        | Found Qiosipn's Distillery.
   368 | D        | Noticed an iron elemental
   368 | D        | Noticed an oklob plant
   369 | D        | Found Tibywoq's Book Shoppe.
   369 | D        | Found Elunige's Book Boutique.
   373 | D        | Noticed a slime creature
   374 | D        | Bought a transparent ring mail for 198 gold pieces
   374 | D        | Identified the +3 ring mail of Cowardice {Int+2} (You
                  | bought it in a shop in the Dungeon)
   384 | D        | Noticed a slime creature
   385 | D        | Noticed a slime creature
   386 | D        | Bought a pair of embroidered gloves for 150 gold pieces
   400 | D        | Bought the amulet of Elyvilon's Favour {RegenMP rC+ rN+
                  | Will+ Str-5} for 606 gold pieces
   428 | D        | Found a glowing golden altar of the Shining One.
   428 | D        | Found an ornate altar of the Wu Jian Council.
   429 | D        | Found a shimmering altar of Xom.
   429 | D        | Found a sacrificial altar of Ru.
   430 | D        | Found a basalt altar of Yredelemnul.
   430 | D        | Found a shimmering blue altar of Sif Muna.
   431 | D        | Found a glowing silver altar of Zin.
   431 | D        | Found a bloodstained altar of Trog.
   431 | D        | Found an ancient bone altar of Kikubaaqudgha.
   431 | D        | Found a stormy altar of Qazlal.
   431 | D        | Found a viscous altar of Jiyva.
   432 | D        | Found a hide-covered altar of Uskayaw.
   432 | D        | Found a corrupted altar of Lugonu.
   432 | D        | Found a shadowy altar of Dithmenos.
   433 | D        | Found a radiant altar of Vehumet.
   433 | D        | Found a burning altar of Makhleb.
   433 | D        | Found a white marble altar of Elyvilon.
   434 | D        | Found a sparkling altar of Nemelex Xobeh.
   434 | D        | Found a blossoming altar of Fedhas.
   435 | D        | Found an iron altar of Okawaru.
   435 | D        | Found an opulent altar of Gozag.
   436 | D        | Noticed a yaktaur
   436 | D        | Noticed a hornet
   436 | D        | Noticed a polar bear
   436 | D        | Noticed a polar bear
   438 | D        | Noticed a polar bear
   443 | D        | Killed a polar bear
   452 | D        | Paralysed by a hornet for 3 turns
   456 | D        | Killed a hornet
   457 | D        | Reached skill level 10 in Axes
   457 | D        | Reached skill level 1 in Dodging
   466 | D        | Killed a polar bear
   474 | D        | Mangled by a polar bear

Illustrated notes

Levels and vault maps discovered:
D:        the_violet_keep_of_menkaure [sprint2_stairs_cluster_1,
          sprint2_shoproom, sprint2_temple, sprint2_basic_supplies,
          sprint2_obstacle_4, sprint2_obstacle_3, sprint2_obstacle_2,
          sprint2_obstacle_6, sprint2_obstacle_1, sprint2_timed_cluster_1,
          sprint2_smallroom_cluster_1, sprint2_smallroom_final_cluster_1,
          sprint2_transparent_cluster_1, sprint2_second_timed_cluster_1,
          sprint2_sniper_area_1, sprint2_heavy_combat_area_1,
          sprint2_mutation_trap_area_1, sprint2_forest_area_1,
          sprint2_light_combat_area_1, sprint2_behind_water_1,
          sprint2_near_end_vault_1]

Skill      XL: |  1  2  3  4  5  6  7  8 |
---------------+-------------------------+-----
Fighting       | 7 9 10 11 12 | 12.7
Axes           | 4 5 7 8 10 | 10.7
Armour         | 7 9 11 12 | 12.9
Shields        | 7 8 10 11 12 | 12.1
Dodging        | 2 |  2.2

Action                   |  1- 3 |  4- 6 |  7- 9 || total
-------------------------+-------+-------+-------++-------
Melee: War axe           |     4 |    12 |    26 ||    42
       Headbutt          |       |     2 |    18 ||    20
       Broad axe         |       |       |    35 ||    35
  Use: Potion            |     1 |       |     1 ||     2
Armor: Scale mail        |     2 |       |     8 ||    10
       Ring mail         |       |       |    42 ||    42
Dodge: Dodged            |     4 |     3 |    42 ||    49
Block: Buckler           |       |       |    22 ||    22
